 Dungeon Crawl Stone Soup version 0.28-a0-249-g9004c80361 (webtiles) character file.

Game seed: 512196029943141543

438 PentaManta the Grappler (level 7, -12/57 HPs)
             Began as a Ghoul Abyssal Knight on Aug 26, 2021.
             Was a Priest of Lugonu.
             Mangled by a hornet (13 damage)
             ... on level 4 of the Dungeon.
             The game lasted 00:06:40 (4104 turns).

PentaManta the Grappler (Ghoul Abyssal Knight)      Turns: 4104, Time: 00:06:43

Health: -12/57     AC:  5    Str: 18    XL:     7   Next: 1%
Magic:  7/7        EV: 18    Int:  7    God:    Lugonu [***...]
Gold:   262        SH:  0    Dex:  8    Spells: 6/6 levels left

rFire   . . .      SeeInvis .     - Unarmed
rCold   + . .      Faith    .   (no shield)
rNeg    + + +      Spirit   .   h - +0 ring mail
rPois   ∞          Reflect  .   (no helmet)
rElec   .          Harm     .   (no cloak)
rCorr   .          Rampage  .   (no gloves)
Will    .....                   (no boots)
Stlth   ..........              a - amulet of regeneration
HPRegen 0.00/turn               g - +4 ring of evasion
MPRegen 0.10/turn               k - +4 ring of evasion

@: inhibited regen
A: claws 1, cold resistance 1, negative energy resistance 3, inhibited
regeneration, torment resistance 2
a: Renounce Religion, Depart the Abyss, Bend Space, Banish


You were on level 4 of the Dungeon.
You worshipped Lugonu.
Lugonu was most pleased with you.
You visited 1 branch of the dungeon, and saw 4 of its levels.
You visited the Abyss 1 time.

You collected 262 gold pieces.

Inventory:

Armour
 h - a +0 ring mail (worn)
Jewellery
 a - an amulet of regeneration (around neck)
 g - a +4 ring of evasion (left claw)
 k - a +4 ring of evasion (right claw)
Scrolls
 b - 2 scrolls of teleportation {unknown}
 f - a scroll of identify {unknown}
 i - a scroll of noise {unknown}
 l - a scroll of torment {unknown}
Potions
 c - a potion of lignification {unknown}
 d - a potion of haste
 j - a potion of mutation {unknown}
 m - a potion of curing {unknown}


   Skills:
 - Level 3.2 Fighting
 - Level 1.7 Armour
 - Level 0.8 Dodging
 + Level 8.0 Unarmed Combat
 - Level 2.0 Invocations


You had 6 spell levels left.
You didn't know any spells.
Your spell library was empty.

Dungeon Overview and Level Annotations

Branches:
Dungeon (4/15)
 Temple: D:4-7

Altars:
Nemelex Xobeh
Zin


Innate Abilities, Weirdness & Mutations

You thrive by killing the living.
You are immune to poison.
You have sharp fingernails.
Your flesh is cold resistant. (rC+)
You are immune to negative energy. (rN+++)
You do not regenerate when monsters are visible.
You are immune to unholy pain and torment.


Message History

No target in view!
You see here a dart slug corpse.
Found a metallic blue potion.
m - a metallic blue potion You open the door.
There is an open door here.
Found a brown potion.
d - 2 brown potions (gained 1)
A hornet comes into view.
The hornet buzzes angrily.
A hornet is nearby!
A hornet is nearby!
Found a manual of Ice Magic.
The hornet stings you.
You miss the hornet. The hornet stings you!
You closely miss the hornet. The hornet stings you!
You are too injured to fight recklessly!
You are too injured to fight recklessly!
You are too injured to fight recklessly!
Press: ? - help, Shift-Dir - straight line, f - hornet
Aim: a hornet (chance to affect: 74%)
You fail to use your ability.
The hornet stings you!
* * * LOW HITPOINT WARNING * * *
The hornet completely misses you. The hornet stings you!
* * * LOW HITPOINT WARNING * * *
Okay, then.
It was a potion of haste.
You feel yourself speed up. The hornet closely misses you.
There is a stone staircase leading down here.
Press: ? - help, v - describe, . - travel
Here: a hornet The floor.
It was a potion of cancellation.
Your magical effects are unravelling.
You feel magically purged.
You feel yourself slow down.
The hornet stings you but does no damage.
The hornet stings you!
You die...

#.####..#.###...#
#.#####.##..##..#########
#.#..†...##.###.........#
#(#.###..##...##..#####.#
#.#.###...##.####..## #.#
###.......#.##....##..# #.#
.......####..###.####.# #.#
#####..# #....y†....# #.# #
#..# ##...@.##..# #.#
#####..# ##.......#.####.##
##.....####..........###...##
..........+.........+.......#
#.....#.###..<......####...##
.....###.###.......##
##.####### #...#.# ##
##.....## ##.........
######.# ##...## ##.###.####.
.# ##'## #.## ##.# #.


You could see a hornet.

Vanquished Creatures
  An ogre (D:4)
  2 scorpions (D:4)
  A killer bee (D:4)
  A hound (D:4)
  2 hound skeletons (D:4)
  5 adders
  A shadow imp (D:4)
  4 dart slugs
  An orc (D:3)
  3 endoplasms
  3 giant cockroaches (D:1)
  5 hobgoblins
  10 jackals
  5 quokkas
  9 ball pythons
  5 bats
  A frilled lizard (D:1)
  11 goblins
  3 kobolds (D:2)
  7 rats
80 creatures vanquished.

Vanquished Creatures (others)
  14 plants (D:2)
14 creatures vanquished.

Grand Total: 94 creatures vanquished

Notes
Turn   | Place    | Note
-------+----------+-------------------------------------------
     0 | Abyss:1  | PentaManta the Ghoul Abyssal Knight began the quest for the
                  | Orb.
     0 | Abyss:1  | Reached XP level 1. HP: 19/19 MP: 1/1
    44 | Abyss:1  | Noticed an eidolon
    54 | Abyss:1  | Noticed a small abomination
    56 | Abyss:1  | Noticed a ynoxinul
    58 | D:1      | Escaped the Abyss
   261 | D:1      | Reached skill level 3 in Unarmed Combat
   261 | D:1      | Reached XP level 2. HP: 23/26 MP: 2/2
   652 | D:1      | Found a faded altar of an unknown god.
   695 | D:1      | Reached XP level 3. HP: 25/31 MP: 3/3
   859 | D:1      | Reached ** piety under Lugonu
  1051 | D:2      | Reached skill level 4 in Unarmed Combat
  1425 | D:2      | Reached XP level 4. HP: 38/38 MP: 4/4
  2405 | D:3      | Reached skill level 5 in Unarmed Combat
  3143 | D:4      | Noticed a scorpion
  3163 | D:4      | Killed a scorpion
  3164 | D:4      | Reached XP level 5. HP: 33/45 MP: 5/5
  3204 | D:4      | Noticed an ogre
  3219 | D:4      | HP: 2/45 [ogre (23)]
  3398 | D:4      | Killed an ogre
  3399 | D:4      | Reached skill level 6 in Unarmed Combat
  3399 | D:4      | Reached XP level 6. HP: 4/51 MP: 6/6
  3546 | D:4      | Reached skill level 7 in Unarmed Combat
  3695 | D:4      | Found a sparkling altar of Nemelex Xobeh.
  3868 | D:4      | Reached *** piety under Lugonu
  3869 | D:4      | Reached skill level 8 in Unarmed Combat
  3869 | D:4      | Reached XP level 7. HP: 52/57 MP: 7/7
  4093 | D:4      | Noticed a hornet
  4101 | D:4      | HP: 1/57 [hornet (10)]
  4104 | D:4      | Mangled by a hornet

Illustrated notes

Levels and vault maps discovered:
D:1:      scummos_arrival_forest, layout_basic, ebering_ecumenical_altar_hall
D:2:      layout_basic, serial_bayou, serial_bayou_shore_b, serial_bayou_pond_a,
          serial_bayou_lake_a, serial_bayou_pond_d, skrybe_limestone_x,
          roderic_serpentine_path, minivault_25
D:3:      layout_loops_corners, eino_curves_04
D:4:      layout_loops_corners, mainiacjoe_overflow_brackets,
          nemelex_xobeh_ov_fountains_minmay, minmay_manual_mandibuliform

Skill      XL: |  1  2  3  4  5  6 |
---------------+-------------------+-----
Unarmed Combat | 3 4 5 6 8 |  8.0
Fighting       | |  3.2
Armour         | |  1.7
Dodging        | |  0.8
Invocations    | |  2.0

Action                   |  1- 3 |  4- 6 |  7- 9 || total
-------------------------+-------+-------+-------++-------
Melee: Unarmed           |   101 |   168 |     9 ||   278
       Punch             |     1 |     4 |       ||     5
  Use: Potion            |       |       |     2 ||     2
Armor: Leather armour    |    44 |     9 |       ||    53
       Ring mail         |       |    17 |     2 ||    19
Dodge: Dodged            |    78 |   105 |     6 ||   189

Table legend: (Time is in decaauts)
 A = Elapsed time spent in this place.
 B = Non-inter-level travel time spent in this place.
 C = Inter-level travel time spent in this place.
 D = Time resting spent in this place.
 E = Time spent auto-exploring this place.
 F = Levels seen in this place.
 G = Mean time per level.
                   A        B        C        D        E       F      G
               +--------+--------+--------+--------+--------+-----+--------+
         Total |   4132 |   3928 |    204 |    148 |   2938 |   5 |  826.4 |
       Dungeon |   4074 |   3870 |    204 |    148 |   2935 |   4 | 1018.5 |
         Abyss |     58 |     58 |      0 |      0 |      3 |   1 |   58.0 |
               +--------+--------+--------+--------+--------+-----+--------+

Top non-repeatable levels by time:
     D:2: 1264 daAuts
     D:4: 997 daAuts
     D:1: 981 daAuts
     D:3: 831 daAuts
 Abyss:1: 58 daAuts
